 Dungeon Crawl Stone Soup version 0.25-a0-42-g6c54e25894 (webtiles) character file.

Game seed: 4743776611083112021, levelgen mode: deterministic

3222 Gynju the Arsonist (level 9, -10/45 HPs)
             Began as a Deep Elf Fire Elementalist on Oct 23, 2019.
             Was a Follower of Vehumet.
             Mangled by Urug
             ... wielding a +4 double sword of slicing
              (11 damage)
             ... on level 9 of the Dungeon.
             The game lasted 00:19:31 (10931 turns).

Gynju the Arsonist (Deep Elf Fire Elementalist)    Turns: 10931, Time: 00:19:32

Health: -10/45     AC:  9    Str:  5    XL:     9   Next: 66%
Magic:  26/32      EV: 17    Int: 24    God:    Vehumet [*.....]
Gold:   518        SH:  0    Dex: 15    Spells: 16/24 levels left

rFire    . . .     SeeInvis .   u - +3 mace (crush)
rCold    . . .     Gourm    .   (no shield)
rNeg     . . .     Faith    .   a - +0 robe
rPois    .         Spirit   .   d - +0 helmet
rElec    .         Reflect  .   H - +0 cloak
rCorr    .         Harm     .   (no gloves)
MR       .....                  i - +1 pair of boots
Stlth    ++........             j - amulet of magic regeneration
HPRegen  0.15/turn              y - +3 ring of protection
MPRegen  0.48/turn              k - ring of magical power

@: no status effects
A: no striking features
a: Renounce Religion


You were on level 9 of the Dungeon.
You worshipped Vehumet.
Vehumet was aware of your devotion.
You were hungry.

You visited 2 branches of the dungeon, and saw 11 of its levels.

You collected 518 gold pieces.

Inventory:

Hand Weapons
 u - a +3 mace of crushing (weapon)
Missiles
 g - 4 poisoned darts
 p - 140 stones (quivered)
Armour
 a - a +0 robe (worn)
 d - a +0 helmet (worn)
 i - a +1 pair of boots (worn)
 H - a +0 cloak (worn)
Jewellery
 j - an amulet of magic regeneration (around neck)
 k - a ring of magical power (right hand)
 o - an uncursed ring of magical power
 r - an uncursed ring of ice
 v - an uncursed ring of resist corrosion
 x - an uncursed ring of protection from magic
 y - a +3 ring of protection (left hand)
Scrolls
 e - 3 scrolls of remove curse {@r2}
 h - 5 scrolls of identify {@r1}
 n - a scroll of magic mapping {unknown}
 w - 2 scrolls of enchant armour
 C - a scroll of fear {unknown}
 D - a scroll of blinking {unknown}
 F - a scroll of enchant weapon
 J - a scroll of silence {unknown}
Potions
 b - a potion of lignification
 f - 8 potions of curing {@q1}
 l - 3 potions of flight
 q - a potion of magic {unknown}
 s - 2 potions of brilliance
 t - 2 potions of heal wounds
 z - a potion of haste {unknown}
 A - a potion of ambrosia {unknown}
 B - a potion of might {unknown}
 E - a potion of berserk rage {unknown}
 G - 2 potions of cancellation {unknown}
Comestibles
 c - 23 rations


   Skills:
 + Level 7.1 Dodging
 - Level 2.4 Stealth
 + Level 8.0 Spellcasting
 * Level 8.7 Conjurations
 * Level 9.2 Fire Magic


You had 16 spell levels left.
You knew the following spells:

 Your Spells              Type           Power        Failure   Level  Hunger
a - Flame Tongue          Conj/Fire      #####        1%          1    None
b - Conjure Flame         Conj/Fire      ######..     1%          3    None
c - Sticky Flame          Conj/Fire      ######..     1%          4    ##.....

Your spell library contained the following spells:

 Spells                   Type           Power        Failure   Level  Hunger
 Sting                    Conj/Pois      ####         1%          1    None
 Magic Dart               Conj           ####         1%          1    None
 Searing Ray              Conj           ######       1%          2    None
 Throw Flame              Conj/Fire      ######       1%          2    None
 Iskenderun's Mystic Bla  Conj           ######..     1%          4    ##.....
 Dazzling Spray           Conj/Hex       ####..       3%          3    None
 Inner Flame              Hex/Fire       ####....     3%          3    None
 Fireball                 Conj/Fire      ######....   4%          5    #####..
 Force Lance              Conj/Tloc      ####....     11%         4    ##.....
 Fulminant Prism          Conj/Hex       ####......   11%         4    ##.....


Dungeon Overview and Level Annotations

Branches:
Dungeon (10/15)            Temple (1/1) D:4
   Lair: D:8-11         Orc: D:9-12

Altars:
Ashenzari
Cheibriados
Dithmenos
Elyvilon
Fedhas
Gozag
Hepliaklqana
Kikubaaqudgha
Makhleb
Nemelex Xobeh
Okawaru
Qazlal
Ru
Sif Muna
Trog
Uskayaw
Vehumet
Wu Jian
Xom
Yredelemnul
Zin
The Shining One

Shops:
D:8 (

Annotations:
D:9 Urug
D:10 Joseph


Message History

Ouch! That really hurt!
* * * LOW HITPOINT WARNING * * *
x2
Casting: Sticky Flame (safe; 1% risk of failure)
Confirm with . or Enter, or press ? or * to list all spells.
Aiming: Flame Tongue (safe; 1% risk of failure)
Press: ? - help, Shift-Dir - straight line, f/p - Urug
Aim: Urug, wielding a +4 double sword of slicing and wearing a +0 scale mail (lightly wounded, covered in liquid flames)
The flame tongue hits Urug.
Urug is moderately wounded.
Urug burns!
Urug hits you but does no damage.
Casting: Flame Tongue (safe; 1% risk of failure)
Confirm with . or Enter, or press ? or * to list all spells.
Aiming: Flame Tongue (safe; 1% risk of failure)
Press: ? - help, Shift-Dir - straight line, f/p - Urug
Aim: Urug, wielding a +4 double sword of slicing and wearing a +0 scale mail (moderately wounded, covered in liquid flames)
The flame tongue hits Urug!
Urug is moderately wounded.
Urug burns!
Urug hits you with a +4 double sword of slicing!
You die...

.............######..#...........
.............#.......#.........).
.............#.......#.........<.
....#####....'.......#.......##''
....#...#....#.....###.....###...
....#...#.##'#.....#.......#.....
#...#...#.#<.......#.......#.....
#...#...'.#......o.#.......#...รท.
#...#...#.#.....@..#.......#.....
#...#...#.#........#.......#.....
#...#...#.#........#.......#.....
#...#).(#.##########.......######
#...#'###........................
#...([.(.........................
#................................
#........................###.....
##.................##'##'#.#.....


You could see Urug (burning).

Vanquished Creatures
  Grinder (D:4)
  A hippogriff (D:7)
  2 sky beasts
  2 orc warriors (D:8)
  4 phantoms
  A necrophage (D:7)
  3 ogres
  2 centaurs (D:9)
  A bullfrog (D:9)
  3 scorpions
  4 killer bees (D:7)
  4 crimson imps
  A bullfrog zombie (D:8)
  6 orc priests
  A bullfrog skeleton (D:9)
  4 hounds
  5 orc wizards
  A centaur skeleton (D:6)
  2 jellies
  4 worker ants
  2 iguanas
  2 hound skeletons
  A hound zombie (D:5)
  A howler monkey skeleton (D:4)
  14 adders
  2 shadow imps (D:9)
  A white imp (D:9)
  An adder zombie (D:9)
  3 adder skeletons
  2 worms
  7 dart slugs
  4 leopard geckos
  21 orcs
  8 ball pythons
  11 bats
  8 giant cockroaches
  10 goblins
  10 hobgoblins
  6 jackals
  5 quokkas
  4 frilled lizards
  A giant cockroach zombie (D:5)
  2 goblin skeletons (D:9)
  A goblin zombie (D:9)
  3 hobgoblin zombies (D:9)
  A jackal zombie (D:6)
  5 kobolds
  A kobold skeleton (D:9)
  2 leopard gecko skeletons
  A leopard gecko zombie (D:8)
  An orc skeleton (D:9)
  A quokka zombie (D:6)
  7 rats
201 creatures vanquished.

Notes
Turn   | Place    | Note
-------+----------+-------------------------------------------
     0 | D:1      | Gynju the Deep Elf Fire Elementalist began the quest for
                  | the Orb.
     0 | D:1      | Reached XP level 1. HP: 10/10 MP: 6/6
   162 | D:1      | Reached XP level 2. HP: 15/15 MP: 5/8
   704 | D:1      | Reached XP level 3. HP: 19/19 MP: 10/10
   874 | D:1      | Learned a level 3 spell: Conjure Flame
  1430 | D:2      | Reached XP level 4. HP: 24/24 MP: 11/11
  1436 | D:2      | Learned a level 4 spell: Sticky Flame
  1670 | D:3      | Reached skill level 4 in Fire Magic
  2411 | D:3      | Found a sacrificial altar of Ru.
  2570 | D:3      | Reached XP level 5. HP: 25/28 MP: 13/13
  2670 | D:3      | Found an opulent altar of Gozag.
  3356 | D:4      | Found a staircase to the Ecumenical Temple.
  3368 | Temple   | Entered the Ecumenical Temple
  3798 | D:4      | Reached XP level 6. HP: 25/32 MP: 14/14
  3990 | D:4      | Reached skill level 5 in Fire Magic
  4181 | D:4      | Noticed Grinder
  4321 | D:4      | Killed Grinder
  4321 | D:4      | Reached skill level 5 in Spellcasting
  4321 | D:4      | Reached XP level 7. HP: 26/36 MP: 16/16
  4423 | D:5      | Entered Level 5 of the Dungeon
  4463 | D:5      | Reached skill level 5 in Conjurations
  4515 | D:5      | Reached skill level 6 in Fire Magic
  4864 | D:5      | Reached skill level 5 in Dodging
  5247 | D:6      | Reached XP level 8. HP: 41/41 MP: 18/18
  5306 | D:6      | Found a stormy altar of Qazlal.
  5639 | D:6      | Found a white marble altar of Elyvilon.
  6340 | D:7      | Reached skill level 7 in Fire Magic
  6891 | D:7      | Found a bloodstained altar of Trog.
  6891 | D:7      | Found a sparkling altar of Nemelex Xobeh.
  6892 | D:7      | Found an ancient bone altar of Kikubaaqudgha.
  7513 | D:7      | Noticed a hippogriff
  7526 | D:7      | Killed a hippogriff
  7526 | D:7      | Reached skill level 8 in Fire Magic
  8066 | D:8      | Reached XP level 9. HP: 28/45 MP: 21/21
  8208 | D:8      | Found a shadowy altar of Dithmenos.
  8296 | D:8      | Found a shattered altar of Ashenzari.
  8297 | D:8      | Found a radiant altar of Vehumet.
  8306 | D:8      | Became a worshipper of Vehumet
  8355 | D:8      | Found a snail-covered altar of Cheibriados.
  8581 | D:8      | Found Hukyconk's Antique Weapon Shoppe.
  8612 | D:8      | Found a white marble altar of Elyvilon.
  9885 | D:9      | Found a glowing golden altar of the Shining One.
  9984 | D:9      | Reached * piety under Vehumet
  9984 | D:9      | Offered knowledge of Sting by Vehumet.
 10224 | D:9      | Reached skill level 9 in Fire Magic
 10555 | D:9      | Found an iron altar of Okawaru.
 10858 | D:10     | Entered Level 10 of the Dungeon
 10858 | D:10     | Noticed Urug
 10858 | D:10     | Noticed Joseph
 10929 | D:9      | HP: 2/45 [Urug/+4 double sword of slicing (27)]
 10931 | D:9      | Mangled by Urug

Levels and vault maps discovered:
D:1:      dpeg_arrival_short_road, layout_basic
D:2:      layout_rooms
D:3:      layout_basic, nicolae_ru_path_of_blood, lemuel_doored_altar,
          minmay_snake_closets
D:4:      layout_rooms, minmay_temple_entry_statues_pillars, uniq_grinder
D:5:      layout_rooms, first_ration
D:6:      layout_loops_ring, nicolae_qazlal_general_emergency, basic_altar
D:7:      layout_loops_corners, gammafunk_temple_overflow_forgotten,
          grunt_ogre_cave
D:8:      layout_loops_cross, nicolae_overflow_crystal_walls,
          kennysheep_mini_moat, grunt_temple_overflow_open, serial_shops,
          nicolae_shop_behind_doors
D:9:      layout_irregular_city, nicolae_tso_besieged_by_evil,
          okawaru_ov_weapons_minmay
D:10:     layout_grid_maze, dpeg_lair_monsters, serial_shops, shop_fountains,
          uniq_gastronok, uniq_nergalle, uniq_urug, uniq_fannar, uniq_joseph
Temple:   jpeg_temple_island

Skill      XL: |  1  2  3  4  5  6  7  8  9 |
---------------+----------------------------+-----
Dodging        | 3 4 5 6 7 |  7.1
Conjurations   | 2 3 4 5 7 8 |  8.7
Fire Magic     | 4 5 6 8 9 |  9.2
Spellcasting   | 4 5 7 8 |  8.0
Stealth        | |  2.4

Action                   |  1- 3 |  4- 6 |  7- 9 || total
-------------------------+-------+-------+-------++-------
Melee: Unarmed           |     6 |       |       ||     6
       Whip              |     1 |    17 |       ||    18
       Mace              |       |       |   142 ||   142
Throw: Stone             |       |       |    15 ||    15
 Cast: Flame Tongue      |    75 |   113 |   296 ||   484
       Sticky Flame      |       |     2 |     8 ||    10
       Conjure Flame     |       |       |     6 ||     6
  Use: Scroll            |       |     7 |     9 ||    16
 Stab: Sleeping          |     1 |       |       ||     1
  Eat: Chunk             |     1 |    10 |    10 ||    21
       Ration            |       |       |     3 ||     3
Armor: Robe              |     8 |     8 |    52 ||    68
Dodge: Dodged            |    29 |    46 |   203 ||   278

Table legend:
 A = Non-vault XP
 B = Vault XP
 C = Vault XP percentage of total XP
 D = Non-vault monster count
 E = Vault monster count
 F = Vault count percentage of total count
                 A         B        C        D         E       F
            +---------+---------+-------+---------+---------+-------
      Total |    4110 |     493 |  10.7 |     181 |      20 |  10.0
            +---------+---------+-------+---------+---------+-------
        D:1 |      44 |       0 |   0.0 |      23 |       0 |   0.0
        D:2 |      59 |       0 |   0.0 |      25 |       0 |   0.0
        D:3 |     123 |      59 |  32.4 |      23 |       9 |  28.1
        D:4 |     306 |     300 |  49.5 |      15 |       1 |   6.2
        D:5 |     400 |       0 |   0.0 |      16 |       0 |   0.0
        D:6 |     277 |       0 |   0.0 |      11 |       0 |   0.0
        D:7 |    1048 |     116 |  10.0 |      19 |       1 |   5.0
        D:8 |     618 |       0 |   0.0 |      21 |       0 |   0.0
        D:9 |    1235 |      18 |   1.4 |      28 |       9 |  24.3
            +---------+---------+-------+---------+---------+-------
